 Dungeon Crawl Stone Soup version 0.29-a0-371-g91724d5b39 (webtiles) character file.

Game seed: 7693379762735731470

56 bande the Skirmisher (level 3, -3/24 HPs)
             Began as a Gargoyle Fighter on May 3, 2022.
             Slain by a gnoll
             ... wielding a +0 halberd
              (5 damage)
             ... on level 2 of the Dungeon.
             The game lasted 00:01:30 (1140 turns).

bande the Skirmisher (Gargoyle Fighter)             Turns: 1140, Time: 00:01:31

Health: -3/24      AC: 14    Str: 19    XL:     3   Next: 97%
Magic:  0/3        EV:  5    Int:  8    God:
Gold:   89         SH:  4    Dex: 11    Spells: 2/2 levels left

rFire   . . .      SeeInvis .   a - +1 war axe
rCold   . . .      Faith    .   c - +0 buckler
rNeg    + . .      Spirit   +   h - +0 plate armour
rPois   ∞          Reflect  .   (no helmet)
rElec   +          Harm     .   (no cloak)
rCorr   .          Rampage  .   (no gloves)
Will    .....                   (no boots)
Stlth   ..........              g - amulet of guardian spirit
HPRegen 0.08/turn               (no ring)
MPRegen 0.08/turn               (no ring)

@: unable to read
A: sickness immunity, AC +3, negative energy resistance 1, electricity
resistance, torment resistance 1, petrification resistance, inability to read
while threatened
a: no special abilities


You were on level 2 of the Dungeon.
You visited 1 branch of the dungeon, and saw 2 of its levels.

You collected 89 gold pieces.

Inventory:

Hand Weapons
 a - a +1 war axe (weapon)
Armour
 c - a +0 buckler (worn)
 h - a +0 plate armour (worn)
Jewellery
 g - an amulet of guardian spirit (around neck)
Scrolls
 e - a scroll of teleportation
Potions
 d - a potion of might
 f - a potion of curing {unknown}
 i - a potion of heal wounds {unknown}


   Skills:
 + Level 3.8 Fighting
 + Level 2.7 Axes
 + Level 3.6 Armour
 + Level 3.7 Shields


You had 2 spell levels left.
You didn't know any spells.
Your spell library contained the following spells:

 Spells                   Type           Power      Damage    Failure   Level
 Petrify                  Tmut/Erth      0%         N/A       100%        4
 Irradiate                Conj/Tmut      0%         3d13      100%        5
 Sublimation of Blood     Necr           Unusable   N/A       N/A         2

Dungeon Overview and Level Annotations

Branches:
Dungeon (2/15)

Altars:


Innate Abilities, Weirdness & Mutations

You are immune to sickness and miasma.
Your stone body is resilient. (AC +3)
You are immune to poison.
You resist negative energy. (rN+)
You are resistant to electric shocks. (rElec)
You are resistant to unholy torment.
You are immune to petrification.
You sometimes lose the ability to read scrolls when taking damage.


Message History

The gnoll hits you but does no damage.
The gnoll hits you from afar with a +0 halberd!
Unknown command.
You slash the gnoll!
The gnoll is heavily wounded.
You barely miss the giant cockroach. You closely miss the gnoll.
The giant cockroach barely misses you. The gnoll hits you but does no damage.
The gnoll barely misses you. The gnoll hits you with a +0 club.
You feel threatened and lose the ability to read scrolls!
The giant cockroach barely misses you.
You hit the gnoll.
The gnoll is almost dead.
You hit the giant cockroach. You hit the gnoll.
The giant cockroach barely misses you.
The gnoll hits you but does no damage. x3
The gnoll closely misses you.
The giant cockroach bites you but does no damage.
The gnoll hits you from afar with a +0 halberd.
The gnoll hits you but does no damage. The gnoll hits you with a +0 club!
* * * LOW HITPOINT WARNING * * *
The gnoll completely misses you.
You hit the gnoll.
You kill the gnoll!
You hit the giant cockroach but do no damage.
You hit the gnoll.
You kill the gnoll!
The giant cockroach bites you.
* * * LOW HITPOINT WARNING * * *
You block the gnoll's attack.
The gnoll hits you from afar with a +0 halberd.
* * * LOW HITPOINT WARNING * * *
You slash the giant cockroach!
You kill the giant cockroach!
You barely miss the giant cockroach. You block the giant cockroach's attack.
You block the gnoll's attack. The gnoll closely misses you.
The giant cockroach bites you but does no damage.
Unknown command.
You hit the dart slug but do no damage. You closely miss the giant cockroach.
The gnoll hits you but does no damage.
The gnoll hits you from afar with a +0 halberd.
You die... ####........ #.......... ###### ......... #..... ....... #..(.. ..... #..... gg.

#.....
#w#######
#.....
#@B......
+...<.
#.)######
#.....
#######..######
#.)...
.......[.......
#.....
.######.....###
######
#......##.#
#.###### .#
#+####.#######
#
#...†.........


You could see 2 gnolls, a dart slug and a giant cockroach.

Vanquished Creatures
  2 gnolls (D:2)
  A dart slug (D:2)
  2 ball pythons (D:1)
  2 bats
  An endoplasm (D:1)
  3 giant cockroaches
  6 hobgoblins
  4 kobolds (D:1)
  2 quokkas
  2 frilled lizards (D:1)
  5 goblins
  2 rats (D:1)
32 creatures vanquished.

Notes
Turn   | Place    | Note
-------+----------+-------------------------------------------
     0 | D:1      | bande the Gargoyle Fighter began the quest for the Orb.
     0 | D:1      | Reached XP level 1. HP: 14/14 MP: 1/1
   264 | D:1      | Reached XP level 2. HP: 15/19 MP: 2/2
   783 | D:1      | Reached XP level 3. HP: 19/24 MP: 3/3
   958 | D:2      | Gained mutation: You sometimes lose the ability to read
                  | scrolls when taking damage. [potion of mutation]
  1140 | D:2      | Slain by a gnoll

Illustrated notes

Levels and vault maps discovered:
D:1:      minmay_arrival_semitransparent, layout_loops_cross
D:2:      layout_basic, minmay_misc_feat_roman, minmay_pentomino_w2

Skill      XL: |  1  2 |
---------------+-------+-----
Axes           | 2 |  2.7
Fighting       | |  3.8
Armour         | |  3.6
Shields        | |  3.7

Action                   || total
-------------------------++-------
Melee: War axe           ||   102
  Use: Scroll            ||     3
       Potion            ||     1
Armor: Scale mail        ||    36
       Plate armour      ||    40
Dodge: Dodged            ||    69
Block: Buckler           ||    32

Table legend: (Time is in decaauts)
 A = Elapsed time spent in this place.
 B = Non-inter-level travel time spent in this place.
 C = Inter-level travel time spent in this place.
 D = Time resting spent in this place.
 E = Time spent auto-exploring this place.
 F = Levels seen in this place.
 G = Mean time per level.
                   A        B        C        D        E       F      G
               +--------+--------+--------+--------+--------+-----+--------+
         Total |   1184 |   1160 |     24 |      0 |    886 |   2 |  592.0 |
       Dungeon |   1184 |   1160 |     24 |      0 |    886 |   2 |  592.0 |
               +--------+--------+--------+--------+--------+-----+--------+

Top non-repeatable levels by time:
     D:1: 991 daAuts
     D:2: 193 daAuts
